 Dungeon Crawl Stone Soup version 0.15.0-8-gb109cf8 (webtiles) character file.

181 olgur the Chopper (level 5, -5/45 HPs)
             Began as a Hill Orc Gladiator on Aug 30, 2014.
             Slain by a slave (8 damage)
             ... led by Pikel
             ... on Level 3 of the Dungeon.
             The game lasted 00:20:25 (3099 turns).

olgur the Chopper (Hill Orc Gladiator)              Turns: 3099, Time: 00:20:26

HP  -5/45        AC  7     Str 18      XL: 5   Next: 61%
MP   5/5         EV  8     Int  9      God:
Gold 160         SH  0     Dex 11      Spells:  0 memorised,  4 levels left

rFire  . . .     SeeInvis .     a - +0 war axe
rCold  . . .     Clarity  .     m - +0 scale mail
rNeg   . . .     rCorr    .     (no shield)
rPois  .         rRot     .     c - +0 helmet
rElec  .         Spirit   .     (no cloak)
SustAb .         Warding  .     (no gloves)
rMut   .         Stasis   .     (no boots)
Gourm  .                        (no amulet)
MR     .....                    (no ring)
                                (no ring)

@: not resistant to hostile enchantments, extremely unstealthy
A: no striking features
a: no special abilities


You were on level 3 of the Dungeon.
You were very hungry.

You visited 1 branch of the dungeon, and saw 4 of its levels.

You collected 160 gold pieces.

Inventory:

Hand weapons
 a - a +0 war axe (weapon)
Missiles
 d - 3 throwing nets
 p - 67 stones (quivered)
Armour
 b - a +0 leather armour
 c - a +0 helmet (worn)
 j - a +0 ring mail
 m - a +0 scale mail (worn)
 x - a +0 plate armour
Magical devices
 r - a wand of slowing (1)
Comestibles
 f - 3 meat rations
 k - 3 fruits
Scrolls
 g - 2 scrolls of teleportation {unknown}
 h - 4 scrolls of identify {unknown}
 l - 3 scrolls of random uselessness {unknown}
 o - a scroll of enchant armour {unknown}
 q - a scroll of amnesia {unknown}
 s - 2 scrolls of enchant weapon {unknown}
 t - a scroll of remove curse {unknown}
 v - a scroll of immolation {unknown}
Jewellery
 n - an uncursed ring of protection from cold {unknown}
 u - an uncursed ring of sustain abilities {unknown}
Potions
 e - a potion of invisibility {unknown}
 i - a potion of restore abilities {unknown}
 w - a potion of brilliance {unknown}


   Skills:
 - Level 3.0 Fighting
 * Level 7.0 Axes
 - Level 2.0 Throwing
 + Level 2.4 Armour
 - Level 2.4 Dodging


You had 4 spell levels left.
You didn't know any spells.

Dungeon Overview and Level Annotations

Branches:
Dungeon (4/15)
 Temple: D:4-7

Altars:

Shops:
D:4 %

Annotations:
D:3 Poody's ghost, average MfGl


Message History

There is a stone staircase leading down here.
You are too injured to fight recklessly!
You are too injured to fight recklessly!
You are too injured to fight recklessly!
You are too injured to fight recklessly!
You are too injured to fight recklessly!
You are too injured to fight recklessly!
You barely miss the slave.
The slave is moderately wounded.
The slave hits you.
* * * LOW HITPOINT WARNING * * *
The slave hits you but does no damage.
You hit the slave.
The slave is heavily wounded.
The slave hits you!
* * * LOW HITPOINT WARNING * * *
You hit the slave.
The slave is heavily wounded.
The slave hits you!
You die...

##### # ##...#>#
##.....=# # .
#.p.....# ####.....
#..@....#
...g.........'.......#
####....W/...##.....##
# ..... ##...## ...
##.## ... #.# #'# #.#
########.# #.# .##..
...# ### #.#


You could see a slave.

Vanquished Creatures
  A slave (D:4)
  A hound (D:4)
  A worker ant (D:4)
  Jessica (D:2)
  A gnoll (D:2)
  3 adders
  3 worms (D:2)
  A giant gecko (D:1)
  A ball python (D:2)
  2 goblins
  6 hobgoblins
  7 kobolds
  A quokka (D:3)
  11 bats
  4 giant cockroaches
  6 giant newts
  5 jackals (D:2)
  10 rats
65 creatures vanquished.

Notes
Turn   | Place    | Note
--------------------------------------------------------------
     0 | D:1      | olgur, the Hill Orc Gladiator, began the quest for the Orb.
     0 | D:1      | Reached XP level 1. HP: 18/18 MP: 1/1
   232 | D:1      | Reached XP level 2. HP: 20/25 MP: 2/2
   661 | D:2      | Reached XP level 3. HP: 20/31 MP: 3/3
   769 | D:2      | Reached skill level 5 in Axes
   993 | D:2      | Reached skill level 1 in Armour
  1201 | D:2      | Noticed Jessica
  1214 | D:2      | Killed Jessica
  1214 | D:2      | Reached XP level 4. HP: 23/38 MP: 4/4
  1658 | D:3      | Reached skill level 6 in Axes
  1735 | D:3      | Noticed Poody's ghost (average MfGl)
  2361 | D:2      | Reached XP level 5. HP: 39/45 MP: 5/5
  2695 | D:4      | Reached skill level 7 in Axes
  2879 | D:4      | Noticed a slave
  2880 | D:4      | Noticed a slave
  2881 | D:4      | Noticed a slave
  2917 | D:4      | Killed a slave
  3049 | D:4      | Found Ughia's Food Boutique.
  3099 | D:3      | Slain by a slave

Action                   |  1- 3 |  4- 6 || total
-------------------------+-------+-------++-------
Melee: War axe           |    94 |   132 ||   226
Throw: Stone             |    11 |    17 ||    28
       Throwing net      |     1 |       ||     1
  Eat: Chunk             |     1 |     5 ||     6
